 Dungeon Crawl Stone Soup version 0.23.1-37-gaa34b87b72 (webtiles) character file.

Game seed: 990636408319322862

3151 MisterOstroum the Basher (level 9, -3/57 HPs)
             Began as a Gargoyle Chaos Knight on Mar 22, 2019.
             Was a Plaything of Xom.
             Slain by a two-headed ogre
             ... wielding a +0 giant spiked club
              (10 damage)
             ... on level 7 of the Dungeon on Mar 23, 2019.
             The game lasted 00:36:27 (7671 turns).

MisterOstroum the Basher (Gargoyle Chaos Knight)    Turns: 7671, Time: 00:36:28

Health: -3/57      AC: 13    Str: 16 (18) XL:     9   Next: 93%
Magic:  9/9        EV: 11    Int: 14      God:    Xom [....*.]
Gold:   298        SH:  5    Dex: 14 (15) Spells: 8/8 levels left

rFire    . . .     SeeInvis .   a - +2 falchion (elec)
rCold    . . .     Gourm    .   y - +0 buckler
rNeg     + . .     Faith    .   b - +2 leather armour
rPois    ∞         Spirit   .   r - +1 helmet
rElec    +         Reflect  .   (no cloak)
rCorr    .         Harm     .   (no gloves)
MR       .....                  (no boots)
Stlth    +.........             l - amulet of the acrobat
HPRegen  0.00/turn              o - +6 ring of dexterity
MPRegen  0.11/turn              (no ring)

@: no status effects
A: fangs 1, deterioration 1, negative energy resistance 1, electricity
resistance, inhibited regeneration, unbreathing, petrification resistance, rot
immunity, AC +6
a: Renounce Religion


You were on level 7 of the Dungeon.
You worshipped Xom.
You were a beloved toy of Xom.
You were not hungry.

You visited 1 branch of the dungeon, and saw 8 of its levels.

You collected 388 gold pieces.
You spent 90 gold pieces at shops.

Inventory:

Hand Weapons
 a - a +2 falchion of electrocution (weapon)
 t - a +3 flail
 B - a +0 whip
 F - a +2 mace of holy wrath
Missiles
 d - 2 tomahawks
 e - 156 stones (quivered)
 k - 55 sling bullets
 s - 14 poisoned needles
 w - 8 curare-tipped needles
Armour
 b - a +2 leather armour (worn)
 f - a scarf of repulsion
 r - a +1 helmet (worn)
 u - a +0 ring mail
 y - a +0 buckler (worn)
Jewellery
 l - an amulet of the acrobat (around neck)
 m - a cursed -6 ring of evasion
 o - a +6 ring of dexterity (left hand)
Scrolls
 g - 3 scrolls of remove curse
 h - a scroll of random uselessness
 i - 5 scrolls of fog
 j - a scroll of enchant armour
 n - 6 scrolls of identify
 p - 3 scrolls of fear
 q - 9 scrolls of teleportation
 E - a scroll of magic mapping
 G - a scroll of blinking
 I - a scroll of vulnerability {unknown}
 K - a scroll of noise
Potions
 v - a potion of heal wounds {unknown}
 x - a potion of magic {unknown}
 z - a potion of lignification {unknown}
 A - a potion of ambrosia {unknown}
 C - a potion of flight
 D - 2 potions of curing
 H - a potion of degeneration {unknown}
Comestibles
 c - 16 rations
 J - 3 chunks of flesh


   Skills:
 - Level 7.0 Fighting
 + Level 7.5 Long Blades
 - Level 8.7 Maces & Flails
 - Level 2.1 Armour
 - Level 0.7 Dodging
 - Level 4.2 Shields


You had 8 spell levels left.
You didn't know any spells.
Your spell library was empty.

Dungeon Overview and Level Annotations

Branches:
Dungeon (8/15)             Temple (0/1) D:7
   Lair: D:8-11

Altars:
Fedhas
Ru
Uskayaw
Vehumet
Xom
The Shining One

Shops:
D:4 [}[[*


Innate Abilities, Weirdness & Mutations

You are resistant to torment.
Your stone body is resilient. (AC +6)
You are immune to poison.
You resist negative energy. (rN+)
You are resistant to electric shocks. (rElec)
You can survive without breathing.
You are immune to petrification.
You are immune to rotting.
You have very sharp teeth.
Your body sometimes deteriorates upon taking damage.
You do not regenerate when monsters are visible.


Message History

Throwing (i - inventory. (/) - cycle)
e - 157 stones (quivered)
Press: ? - help, Shift-Dir - straight line, f/p - two-headed ogre
Aim: a two-headed ogre, wielding a +0 giant spiked club and a +0 giant club (almost dead)
Okay, then.
The two-headed ogre barely misses your shadow imp.
The two-headed ogre hits your shadow imp with a +0 giant club!
Your shadow imp dies!
Your crimson imp hits the two-headed ogre but does no damage.
Throwing (i - inventory. (/) - cycle)
e - 157 stones (quivered)
Press: ? - help, Shift-Dir - straight line, f/p - two-headed ogre
Aim: a two-headed ogre, wielding a +0 giant spiked club and a +0 giant club (almost dead)
You throw a stone.
The stone hits the two-headed ogre but does no damage.
The two-headed ogre is almost dead.
Your crimson imp hits the two-headed ogre.
You hit the two-headed ogre but do no damage.
The two-headed ogre is almost dead.
You block the two-headed ogre's attack.
The two-headed ogre hits you with a +0 giant club!
You die...

#..........##.#
######.##.#.#.#.##.#
..........#.#.#.##.#
######.####.#......#
#.####.###..###
#......# ##.#
########## #.#
#...<.# #.# ##
#.....# #@# .#
#.....# #O#
.###....<#######5#
..##.............#
.....#.##..##^(###
........#..##..#
............(>.#
..##....#..#...#
..##.##.#......#


You could see a two-headed ogre and a friendly crimson imp.

Vanquished Creatures
  Grinder (D:3)
  Prince Ribbit (D:5)
  Duvessa (D:7)
  An orc warrior (D:5)
  2 sky beasts
  3 phantoms
  An ice beast (D:7)
  3 ogres (D:6)
  A centaur (D:6)
  A bullfrog (D:7)
  Dowan (D:7)
  3 scorpions
  4 wights (D:7)
  A centaur zombie (D:6)
  3 crimson imps
  A bullfrog zombie (D:5)
  4 hounds
  2 jellies
  4 orc priests
  10 orc wizards
  2 bullfrog skeletons
  Jessica (D:3)
  2 iguanas
  4 worker ants
  3 gnolls (D:2)
  7 adders
  A worker ant zombie (D:6)
  3 shadow imps
  3 oozes
  2 adder skeletons
  4 worms
  3 dart slugs
  3 leopard geckos
  31 orcs
  10 giant cockroaches
  12 goblins
  6 hobgoblins
  17 jackals
  3 quokkas
  4 ball pythons
  6 bats
  6 frilled lizards
  6 kobolds
  A leopard gecko skeleton (D:6)
  A quokka skeleton (D:4)
  A quokka zombie (D:5)
  11 rats
201 creatures vanquished.

Notes
Turn   | Place    | Note
-------+----------+-------------------------------------------
     0 | D:1      | MisterOstroum the Gargoyle Chaos Knight began the quest for
                  | the Orb.
     0 | D:1      | Reached XP level 1. HP: 14/14 MP: 1/1
   105 | D:1      | XOM: harmless Summ miscast
   143 | D:1      | Reached XP level 2. HP: 14/19 MP: 2/2
   341 | D:1      | XOM: divination: detect creatures
   344 | D:1      | Reached XP level 3. HP: 17/24 MP: 3/3
   410 | D:1      | Reached skill level 4 in Maces & Flails
   843 | D:2      | XOM: noise
   874 | D:2      | XOM: enchant monster (bad)
   877 | D:2      | Reached XP level 4. HP: 17/29 MP: 4/4
  1436 | D:2      | XOM: medium Pois miscast
  1462 | D:2      | XOM: enchant monster (bad)
  1698 | D:3      | Noticed Jessica
  1699 | D:3      | XOM: summons 2 hostile demons
  1702 | D:3      | Killed Jessica
  1702 | D:3      | Reached XP level 5. HP: 27/34 MP: 5/5
  1916 | D:3      | XOM: harmless Chrm miscast
  1974 | D:3      | Noticed Grinder
  1985 | D:3      | Reached skill level 5 in Maces & Flails
  1997 | D:3      | Paralysed by Grinder for 7 turns
  2005 | D:3      | XOM: divination: magic mapping
  2014 | D:3      | Killed Grinder
  2014 | D:3      | Reached skill level 5 in Fighting
  2014 | D:3      | Reached skill level 6 in Maces & Flails
  2014 | D:3      | Reached XP level 6. HP: 14/40 MP: 6/6
  2188 | D:3      | XOM: god gift: white potion {god gift}
  2242 | D:3      | Found a radiant altar of Vehumet.
  2297 | D:3      | XOM: scenery: 3 doors close
  2696 | D:3      | XOM: scenery: create altars
  2967 | D:4      | Noticed a phantom
  3009 | D:4      | Killed a phantom
  3009 | D:4      | Reached XP level 7. HP: 32/44 MP: 7/7
  3088 | D:4      | XOM: divination: magic mapping
  3201 | D:4      | Reached skill level 7 in Maces & Flails
  3276 | D:4      | XOM: noise
  3388 | D:4      | Found Odenid's Gadget Shoppe.
  3410 | D:4      | Found Jule's Antique Armour Shoppe.
  3413 | D:4      | Bought a buckler for 90 gold pieces
  3527 | D:4      | Found Boxucef's Armour Shop.
  3537 | D:4      | Found Qaofit Muisk's Assorted Antiques.
  3546 | D:4      | Found Tiofukk's Antique Armour Boutique.
  3858 | D:5      | Entered Level 5 of the Dungeon
  3860 | D:5      | Found a blossoming altar of Fedhas.
  3871 | D:5      | Reached XP level 8. HP: 52/52 MP: 8/8
  3955 | D:5      | Noticed Prince Ribbit
  3978 | D:5      | XOM: potion effect (agility)
  3992 | D:5      | Killed Prince Ribbit
  3992 | D:5      | Reached skill level 8 in Maces & Flails
  3992 | D:5      | Reached skill level 1 in Shields
  4000 | D:5      | XOM: medium Tmut miscast
  4120 | D:4      | Gained mutation: Your body sometimes deteriorates upon
                  | taking damage. [mutagenic glow]
  4403 | D:5      | XOM: divination: magic mapping
  4418 | D:5      | XOM: silly message
  4427 | D:5      | XOM: mild Tloc miscast
  4731 | D:5      | XOM: harmless Erth miscast
  4988 | D:6      | XOM: cleaving
  4990 | D:6      | Reached skill level 1 in Long Blades
  4995 | D:6      | XOM: summons friendly white imp
  5048 | D:6      | Reached XP level 9. HP: 38/57 MP: 9/9
  5340 | D:6      | Lost mutation: Your body sometimes deteriorates upon taking
                  | damage. [potion of mutation]
  5340 | D:6      | Gained mutation: Your body sometimes deteriorates upon
                  | taking damage. [potion of mutation]
  5340 | D:6      | Gained mutation: You do not regenerate when monsters are
                  | visible. [potion of mutation]
  5340 | D:6      | Gained mutation: You have very sharp teeth. [potion of
                  | mutation]
  5724 | D:6      | XOM: confuse monster(s)
  5741 | D:5      | XOM: mild Ice miscast
  5770 | D:6      | XOM: cleaving
  5890 | D:6      | XOM: cloud trail
  5906 | D:6      | XOM: confuse monster(s)
  5915 | D:6      | XOM: mild Necr miscast
  5921 | D:6      | Reached skill level 5 in Long Blades
  6276 | D:6      | XOM: god gift: ration
  6453 | D:6      | Found a glowing golden altar of the Shining One.
  6511 | D:6      | XOM: harmless Tloc miscast
  6620 | D:7      | XOM: divination: detect creatures
  6622 | D:7      | XOM: 1-stop teleportation journey
  6636 | D:7      | XOM: harmless Erth miscast
  6920 | D:7      | Noticed a +0 dagger
  6920 | D:7      | Noticed a +0 hand axe
  6923 | D:7      | Found a hide-covered altar of Uskayaw.
  7072 | D:7      | XOM: 4-stop teleportation journey
  7090 | D:7      | XOM: divination: detect items
  7213 | D:7      | Found a sacrificial altar of Ru.
  7252 | D:7      | XOM: fog
  7270 | D:7      | Noticed Duvessa
  7270 | D:7      | Noticed Dowan
  7291 | D:7      | Killed Duvessa
  7297 | D:7      | Killed Dowan
  7336 | D:7      | XOM: harmless Necr miscast
  7470 | D:7      | Found a staircase to the Ecumenical Temple.
  7632 | D:8      | XOM: noise
  7636 | D:8      | Noticed a two-headed ogre
  7665 | D:7      | XOM: summons 2 friendly demons
  7671 | D:7      | Slain by a two-headed ogre

Skill      XL: |  1  2  3  4  5  6  7  8  9 |
---------------+----------------------------+-----
Maces & Flails | 4 6 7 8 |  8.7
Fighting       | 4 5 6 7 |  7.0
Shields        | 4 |  4.2
Long Blades    | 2 7 |  7.5
Armour         | |  2.1
Dodging        | |  0.7

Action                   |  1- 3 |  4- 6 |  7- 9 || total
-------------------------+-------+-------+-------++-------
Melee: Mace              |   130 |   180 |   194 ||   504
       Falchion          |       |       |   282 ||   282
       Flail             |       |       |     5 ||     5
       Bite              |       |       |    19 ||    19
Throw: Stone             |     2 |    24 |    58 ||    84
  Use: Scroll            |       |     1 |    14 ||    15
       Potion            |       |     1 |     8 ||     9
 Stab: Confused          |       |     1 |     1 ||     2
       Paralysed         |       |       |     4 ||     4
       Sleeping          |       |       |     3 ||     3
  Eat: Chunk             |       |     7 |    16 ||    23
Armor: Leather armour    |    89 |   108 |   190 ||   387
Dodge: Dodged            |   102 |   159 |   215 ||   476
       Deflected         |       |       |     5 ||     5
Block: Buckler           |       |       |    75 ||    75
       Rpst.: Falchion   |       |       |    40 ||    40
